| TOP OF THE 1ST |
|
Portland Angels batting - Pitching for Amarillo ThunderHeads : RHP Gabriel Veles
|
|
Pitching: RHP Gabriel Veles
|
|
|
Batting: RHB Jose Garduno
|
0-0: Ball 1-0: Ball 2-0: Foul Ball, location: 2F 2-1: Ball 3-1: Base on Balls
|
|
Batting: LHB Miguel Hernandez
|
0-0: Called Strike 0-1: Ball 1-1: Ball 2-1: Ball 3-1: Called Strike 3-2: Base on Balls Jose Garduno to second
|
|
Batting: RHB Alex Rosaly
|
0-0: Ball 1-0: Swinging Strike 1-1: Swinging Strike 1-2: Ball 2-2: Ball 3-2: Foul Ball, location: 2F 3-2: Strikes out looking
|
|
Batting: RHB Mario Martinez
|
0-0: Called Strike 0-1: Foul Ball, location: 2F 0-2: Foul Ball, location: 2F 0-2: Ball 1-2: 3-RUN HOME RUN (Flyball, 89XD, EV 110.6 MPH), Distance : 418 ft
|
|
Batting: RHB Jayden Hollaway
|
0-0: Ball 1-0: Foul Ball, location: 2F 1-1: Ball 2-1: Foul Ball, location: 2F 2-2: Foul Ball, location: 2F 2-2: SINGLE (Line Drive, 78S, EV 111.2 MPH)
|
|
Batting: LHB John Harvey
|
0-0: Swinging Strike 0-1: Fielders Choice at 2nd, 6-4 (Groundball, 6, EV 81.9 MPH)
|
|
Now at 2B: Tony Cisneros
|
|
|
Now in CF: Shi-fu Cuan
|
|
|
Batting: RHB Bob Dewar
|
0-0: Ball 1-0: Foul Ball, location: 2F 1-1: Foul Ball, location: 2F 1-2: Fly out, F9 (Flyball, 9LMF, EV 85.6 MPH)
|
| Top of the 1st over - 3 runs, 2 hits, 0 errors, 1 left on base; Portland 3 - Amarillo 0 |
| BOTTOM OF THE 1ST |
|
Amarillo ThunderHeads batting - Pitching for Portland Angels : RHP William Flannigan
|
|
Pitching: RHP William Flannigan
|
|
|
Batting: LHB Carlos Guajardo
|
0-0: Foul Ball, location: 2F 0-1: Foul Ball, location: 2F 0-2: Ball 1-2: Ball 2-2: Fly out, F8 (Line Drive, 78M, EV 104.4 MPH)
|
|
Batting: RHB Jorge Balderama
|
0-0: Called Strike 0-1: Foul Ball, location: 2F 0-2: Ball 1-2: Strikes out swinging, 2-3 out at first.
|
|
Batting: LHB Tony Cisneros
|
0-0: Ball 1-0: Ball 2-0: Foul Ball, location: 2F 2-1: Foul Ball, location: 2F 2-2: Ball 3-2: Foul Ball, location: 2F 3-2: Ground out 4-3 (Groundball, 4, EV 80.6 MPH)
|
| Bottom of the 1st over - 0 runs, 0 hits, 0 errors, 0 left on base; Portland 3 - Amarillo 0 |
| TOP OF THE 2ND |
|
Portland Angels batting - Pitching for Amarillo ThunderHeads : RHP Gabriel Veles
|
|
Batting: RHB Ken Beck
|
0-0: Ball 1-0: Called Strike 1-1: Called Strike 1-2: Foul Ball, location: 2F 1-2: Strikes out looking
|
|
Batting: LHB Matt Herndon
|
0-0: Ball 1-0: Fly out, F9 (Flyball, 89M, EV 88.8 MPH)
|
|
Batting: RHB Jose Garduno
|
0-0: Ground out 4-3 (Groundball, 4, EV 83.1 MPH)
|
| Top of the 2nd over - 0 runs, 0 hits, 0 errors, 0 left on base; Portland 3 - Amarillo 0 |
| BOTTOM OF THE 2ND |
|
Amarillo ThunderHeads batting - Pitching for Portland Angels : RHP William Flannigan
|
|
Batting: RHB Bill Flannery
|
0-0: Foul Ball, location: 2F 0-1: Swinging Strike 0-2: Ball 1-2: Ball 2-2: Ground out 6-3 (Groundball, 6, EV 90.6 MPH)
|
|
Batting: LHB Thie Hofmann
|
0-0: Ball 1-0: Swinging Strike 1-1: Swinging Strike 1-2: Ball 2-2: Strikes out swinging
|
|
Batting: RHB Eddie Vanderjagt
|
0-0: Swinging Strike 0-1: Swinging Strike 0-2: Foul Ball, location: 2F 0-2: Ball 1-2: Ball 2-2: Ball 3-2: Strikes out swinging
|
| Bottom of the 2nd over - 0 runs, 0 hits, 0 errors, 0 left on base; Portland 3 - Amarillo 0 |
| TOP OF THE 3RD |
|
Portland Angels batting - Pitching for Amarillo ThunderHeads : RHP Gabriel Veles
|
|
Batting: LHB Miguel Hernandez
|
0-0: Ball 1-0: Ball 2-0: Ball 3-0: Called Strike 3-1: Called Strike 3-2: Foul Ball, location: 2F 3-2: Foul Ball, location: 2F 3-2: Foul Ball, location: 2F 3-2: Foul Ball, location: 2F 3-2: Strikes out swinging
|
|
Batting: RHB Alex Rosaly
|
0-0: Foul Ball, location: 2F 0-1: Foul Ball, location: 2F 0-2: Foul Ball, location: 2F 0-2: SINGLE (Groundball, 56D, EV 96.2 MPH)
|
|
Batting: RHB Mario Martinez
|
0-0: Ball 1-0: Called Strike 1-1: Ball 2-1: Ball 3-1: Foul Ball, location: 2F 3-2: Grounds into double play, 4-6-3 (Groundball, 34, EV 85.0 MPH)
|
| Top of the 3rd over - 0 runs, 1 hit, 0 errors, 0 left on base; Portland 3 - Amarillo 0 |
| BOTTOM OF THE 3RD |
|
Amarillo ThunderHeads batting - Pitching for Portland Angels : RHP William Flannigan
|
|
Batting: LHB Bill Mahoney
|
0-0: Called Strike 0-1: Called Strike 0-2: Ball 1-2: Ball 2-2: Foul Ball, location: 2F 2-2: Strikes out swinging
|
|
Batting: RHB Shi-fu Cuan
|
0-0: Ball 1-0: Swinging Strike 1-1: Ball 2-1: Foul Ball, location: 2F 2-2: Ball 3-2: Foul Ball, location: 2F 3-2: Strikes out looking
|
|
Batting: RHB Dennis Underwood
|
0-0: Ball 1-0: Ball 2-0: Called Strike 2-1: Fly out, F9 (Flyball, 9S, EV 83.8 MPH)
|
| Bottom of the 3rd over - 0 runs, 0 hits, 0 errors, 0 left on base; Portland 3 - Amarillo 0 |
| TOP OF THE 4TH |
|
Portland Angels batting - Pitching for Amarillo ThunderHeads : RHP Gabriel Veles
|
|
Batting: RHB Jayden Hollaway
|
0-0: Fly out, F8 (Flyball, 89S, EV 87.5 MPH)
|
|
Batting: LHB John Harvey
|
0-0: Ball 1-0: Foul Ball, location: 2F 1-1: Foul Ball, location: 2F 1-2: Ball 2-2: Ball 3-2: Strikes out swinging
|
|
Batting: RHB Bob Dewar
|
0-0: Called Strike 0-1: Ball 1-1: Foul Ball, location: 2F 1-2: Ball 2-2: Strikes out looking
|
| Top of the 4th over - 0 runs, 0 hits, 0 errors, 0 left on base; Portland 3 - Amarillo 0 |
| BOTTOM OF THE 4TH |
|
Amarillo ThunderHeads batting - Pitching for Portland Angels : RHP William Flannigan
|
|
Batting: LHB Carlos Guajardo
|
0-0: Ball 1-0: Fly out, F8 (Line Drive, 78M, EV 90.0 MPH)
|
|
Batting: RHB Jorge Balderama
|
0-0: Ball 1-0: Called Strike 1-1: Foul Ball, location: 2F 1-2: Ball 2-2: SINGLE (Line Drive, 8RS, EV 103.1 MPH)
|
|
Batting: LHB Tony Cisneros
|
0-0: Ball 1-0: Called Strike 1-1: Grounds out, U3 (Groundball, 3L, EV 79.4 MPH)
|
|
Batting: RHB Bill Flannery
|
0-0: Ball 1-0: Ball 2-0: Ground out 6-3 (Groundball, 56, EV 102.5 MPH)
|
| Bottom of the 4th over - 0 runs, 1 hit, 0 errors, 1 left on base; Portland 3 - Amarillo 0 |
| TOP OF THE 5TH |
|
Portland Angels batting - Pitching for Amarillo ThunderHeads : RHP Gabriel Veles
|
|
Batting: RHB Ken Beck
|
0-0: Ball 1-0: Called Strike 1-1: Called Strike 1-2: Foul Ball, location: 2F 1-2: SINGLE (Line Drive, 8LS, EV 99.4 MPH)
|
|
Pitching: RHP Antonio Ayala
|
|
|
Batting: LHB Matt Herndon
|
0-0: Ball 1-0: Ball 2-0: SINGLE (Line Drive, 89M, EV 93.8 MPH) Ken Beck to second Runner from 2nd tries for 3rd, SAFE, throw by CF made to third
|
|
Batting: RHB Jose Garduno
|
0-0: Ball 1-0: Fly out, F9 (Flyball, 9LMF, EV 86.9 MPH) Runner from 3rd tags up, SCORES, no throw by RF
|
|
Batting: LHB Miguel Hernandez
|
0-0: Called Strike 0-1: Swinging Strike 0-2: Foul Ball, location: 2F 0-2: Foul Ball, location: 2F 0-2: Ball 1-2: Ball 2-2: Ball 3-2: Foul Ball, location: 2F 3-2: Base on Balls Matt Herndon to second
|
|
Batting: RHB Alex Rosaly
|
0-0: Foul Ball, location: 2F 0-1: Ball 1-1: Foul Ball, location: 2F 1-2: Foul Ball, location: 2F 1-2: Grounds into double play, 6-4-3 (Groundball, 6, EV 103.8 MPH)
|
| Top of the 5th over - 1 run, 2 hits, 0 errors, 1 left on base; Portland 4 - Amarillo 0 |
| BOTTOM OF THE 5TH |
|
Amarillo ThunderHeads batting - Pitching for Portland Angels : RHP William Flannigan
|
|
Batting: LHB Thie Hofmann
|
0-0: Ball 1-0: Foul Ball, location: 2F 1-1: Called Strike 1-2: Ball 2-2: Ball 3-2: Strikes out looking
|
|
Batting: RHB Eddie Vanderjagt
|
0-0: Ball 1-0: Foul Ball, location: 2F 1-1: Ball 2-1: Ball 3-1: SINGLE (Line Drive, 8LS, EV 106.2 MPH)
|
|
Batting: LHB Bill Mahoney
|
0-0: Ball Eddie Vanderjagt is caught stealing 2nd base 2-6 1-0: Called Strike 1-1: Ball 2-1: Ground out 6-3 (Groundball, 6M, EV 111.2 MPH)
|
| Bottom of the 5th over - 0 runs, 1 hit, 0 errors, 0 left on base; Portland 4 - Amarillo 0 |
| TOP OF THE 6TH |
|
Portland Angels batting - Pitching for Amarillo ThunderHeads : RHP Antonio Ayala
|
|
Batting: RHB Mario Martinez
|
0-0: Called Strike 0-1: Ball 1-1: Ball 2-1: Ground out 5-3 (Groundball, 5S, EV 88.1 MPH)
|
|
Batting: RHB Jayden Hollaway
|
0-0: Foul Ball, location: 2F 0-1: Foul Ball, location: 2F 0-2: Strikes out looking
|
|
Batting: LHB John Harvey
|
0-0: Called Strike 0-1: Ball 1-1: Ball 2-1: Called Strike 2-2: Strikes out swinging
|
| Top of the 6th over - 0 runs, 0 hits, 0 errors, 0 left on base; Portland 4 - Amarillo 0 |
| BOTTOM OF THE 6TH |
|
Amarillo ThunderHeads batting - Pitching for Portland Angels : RHP William Flannigan
|
|
Pitching: RHP Myeong-wan Kym
|
|
|
Batting: RHB Shi-fu Cuan
|
0-0: Ball 1-0: Swinging Strike 1-1: Swinging Strike 1-2: Strikes out swinging
|
|
Batting: RHB Dennis Underwood
|
0-0: Ball 1-0: Foul Ball, location: 2F 1-1: Ball 2-1: Ball 3-1: Foul Ball, location: 2F 3-2: Foul Ball, location: 2F 3-2: Foul Ball, location: 2F 3-2: Foul Ball, location: 2F 3-2: Base on Balls
|
|
Batting: LHB Carlos Guajardo
|
0-0: Called Strike 0-1: Foul Ball, location: 2F 0-2: Foul Ball, location: 2F 0-2: Foul Ball, location: 2F 0-2: Foul Ball, location: 2F 0-2: Ball 1-2: Ball 2-2: Fly out, F8 (Line Drive, 8RD, EV 91.2 MPH)
|
|
Pinch Hitting: SHB Jose Ramirez
|
0-0: Called Strike 0-1: Ball 1-1: Ball 2-1: Ball Dennis Underwood steals 2nd base 3-1: Called Strike 3-2: Base on Balls
|
|
Batting: LHB Tony Cisneros
|
0-0: Ball 1-0: Ball 2-0: Foul Ball, location: 2F 2-1: Foul Ball, location: 2F 2-2: Fielders Choice at 2nd, U6 (Groundball, 6M, EV 81.9 MPH)
|
| Bottom of the 6th over - 0 runs, 0 hits, 0 errors, 2 left on base; Portland 4 - Amarillo 0 |
| TOP OF THE 7TH |
|
Portland Angels batting - Pitching for Amarillo ThunderHeads : RHP Antonio Ayala
|
|
Now in LF: Shi-fu Cuan
|
|
|
Now in CF: Jose Ramirez
|
|
|
Batting: RHB Bob Dewar
|
0-0: Ball 1-0: Foul Ball, location: 2F 1-1: Fly out, F9 (Flyball, 9D, EV 95.6 MPH)
|
|
Batting: RHB Ken Beck
|
0-0: Swinging Strike 0-1: Foul Ball, location: 2F 0-2: Strikes out swinging
|
|
Batting: LHB Matt Herndon
|
0-0: Called Strike 0-1: Ground out 4-3 (Groundball, 4, EV 81.9 MPH)
|
| Top of the 7th over - 0 runs, 0 hits, 0 errors, 0 left on base; Portland 4 - Amarillo 0 |
| BOTTOM OF THE 7TH |
|
Amarillo ThunderHeads batting - Pitching for Portland Angels : RHP Myeong-wan Kym
|
|
Batting: RHB Bill Flannery
|
0-0: Ball 1-0: Ground out 5-3 (Groundball, 56S, EV 61.2 MPH)
|
|
Batting: LHB Thie Hofmann
|
0-0: Ball 1-0: Ball 2-0: Called Strike 2-1: Ball 3-1: Base on Balls
|
|
Batting: RHB Eddie Vanderjagt
|
0-0: Fly out, F7 (Flyball, 7D, EV 96.2 MPH)
|
|
Batting: LHB Bill Mahoney
|
0-0: Swinging Strike 0-1: Fielders Choice at 2nd, 6-4 (Groundball, 6, EV 105.6 MPH)
|
| Bottom of the 7th over - 0 runs, 0 hits, 0 errors, 1 left on base; Portland 4 - Amarillo 0 |
| TOP OF THE 8TH |
|
Portland Angels batting - Pitching for Amarillo ThunderHeads : RHP Antonio Ayala
|
|
Batting: RHB Jose Garduno
|
0-0: Ground out U3 (Groundball, 34S, EV 63.8 MPH)
|
|
Batting: LHB Miguel Hernandez
|
0-0: Called Strike 0-1: Called Strike 0-2: Foul Ball, location: 2F 0-2: Foul Ball, location: 2F 0-2: Ball 1-2: Strikes out swinging
|
|
Batting: RHB Alex Rosaly
|
0-0: Ball 1-0: Foul Ball, location: 2F 1-1: Ground out 5-3 (Groundball, 56, EV 88.8 MPH)
|
| Top of the 8th over - 0 runs, 0 hits, 0 errors, 0 left on base; Portland 4 - Amarillo 0 |
| BOTTOM OF THE 8TH |
|
Amarillo ThunderHeads batting - Pitching for Portland Angels : RHP Myeong-wan Kym
|
|
Batting: RHB Shi-fu Cuan
|
0-0: Ball 1-0: Ball 2-0: Ball 3-0: Base on Balls
|
|
Batting: RHB Dennis Underwood
|
0-0: Called Strike 0-1: Foul Ball, location: 2F 0-2: Ball 1-2: Ball 2-2: Strikes out swinging
|
|
Pitching: LHP Frank Comerford
|
|
|
Pinch Hitting: RHB Eric Camillo
|
Pickoff Throw to First - Out! 1-3 0-0: Called Strike 0-1: Foul Ball, location: 2F 0-2: Ball 1-2: Ball 2-2: Ball 3-2: Fly out, F8 (Flyball, 8RS, EV 81.2 MPH)
|
| Bottom of the 8th over - 0 runs, 0 hits, 0 errors, 0 left on base; Portland 4 - Amarillo 0 |
| TOP OF THE 9TH |
|
Portland Angels batting - Pitching for Amarillo ThunderHeads : RHP Antonio Ayala
|
|
Now at 1B: Eric Camillo
|
|
|
Batting: RHB Mario Martinez
|
0-0: Called Strike 0-1: Ball 1-1: Foul Ball, location: 2F 1-2: Foul Ball, location: 2F 1-2: Foul Ball, location: 2F 1-2: Strikes out looking
|
|
Batting: RHB Jayden Hollaway
|
0-0: Foul Ball, location: 2F 0-1: Called Strike 0-2: Strikes out swinging
|
|
Batting: LHB John Harvey
|
0-0: Ball 1-0: Foul Ball, location: 2F 1-1: Fly out, F6 (Popup, 6MS, EV 77.5 MPH)
|
| Top of the 9th over - 0 runs, 0 hits, 0 errors, 0 left on base; Portland 4 - Amarillo 0 |
| BOTTOM OF THE 9TH |
|
Amarillo ThunderHeads batting - Pitching for Portland Angels : LHP Frank Comerford
|
|
Pinch Hitting: RHB Ray Travis
|
0-0: Called Strike 0-1: Ball 1-1: Ball 2-1: Swinging Strike 2-2: Strikes out looking
|
|
Pinch Hitting: RHB Adrian Quilantan
|
0-0: Ball 1-0: Ground out 4-3 (Groundball, 4, EV 83.8 MPH)
|
|
Pitching: RHP Marcell Luciano
|
|
|
Batting: RHB Bill Flannery
|
0-0: Ball 1-0: Ball 2-0: Called Strike 2-1: Ball 3-1: Swinging Strike 3-2: Foul Ball, location: 2F 3-2: Ground out 3-1 (Groundball, 34, EV 96.9 MPH)
|
| Bottom of the 9th over - 0 runs, 0 hits, 0 errors, 0 left on base; Portland 4 - Amarillo 0 |
|